 Dungeon Crawl Stone Soup version 0.29.0-13-gc9e81de378 (webtiles) character file.

Game seed: 3617943467158533725

40 sanka the Caller (level 3, -8/26 HPs)
             Began as a Ghoul Summoner on Sept 9, 2022.
             Mangled by Terence
             ... wielding a +0 flail
              (10 damage)
             ... on level 2 of the Dungeon.
             The game lasted 00:03:26 (2363 turns).

sanka the Caller (Ghoul Summoner)                   Turns: 2363, Time: 00:03:26

Health: -8/26      AC:  3    Str: 11    XL:     3   Next: 50%
Magic:  0/5        EV: 12    Int: 12    God:
Gold:   33         SH:  0    Dex:  9    Spells: 0/6 levels left

rFire   . . .      SeeInvis .   c - +0 short sword
rCold   + . .      Faith    .   (no shield)
rNeg    + + +      Spirit   .   a - +0 robe
rPois   ∞          Reflect  .   (no helmet)
rElec   .          Harm     .   (no cloak)
rCorr   .          Rampage  .   (no gloves)
Will    .....                   i - +0 pair of boots
Stlth   ++........              (no amulet)
HPRegen 0.00/turn               (no ring)
MPRegen 0.09/turn               (no ring)

@: inhibited regen
A: claws 1, cold resistance 1, negative energy resistance 3, inhibited
regeneration, torment resistance 2, devour on kill
a: no special abilities


You were on level 2 of the Dungeon.
You visited 1 branch of the dungeon, and saw 2 of its levels.

You collected 33 gold pieces.


Innate Abilities, Weirdness & Mutations

You are immune to poison.
You have sharp fingernails.
Your flesh is cold resistant. (rC+)
You are immune to negative energy. (rN+++)
You do not regenerate when monsters are visible.
You are immune to unholy pain and torment.
You thrive by killing the living.


   Skills:
 - Level 1.7 Dodging
 - Level 2.1 Stealth
 - Level 2.0 Spellcasting
 + Level 4.6 Summonings


You couldn't memorise any spells.
You knew the following spells:

 Your Spells              Type           Power      Damage    Failure   Level
c - Call Canine Familiar  Summ           12%        N/A       12%         3
x - Call Imp              Summ           12%        N/A       6%          2
z - Summon Small Mammal   Summ           48%        N/A       4%          1

Your spell library contained the following spells:

 Spells                   Type           Power      Damage    Failure   Level
 Summon Guardian Golem    Hex/Summ       6%         N/A       32%         3
 Summon Lightning Spire   Summ/Air       6%         N/A       71%         4

Inventory:

Hand Weapons
 c - a +0 short sword (weapon)
Armour
 a - a +0 robe (worn)
 i - a +0 pair of boots (worn)
Scrolls
 d - 2 scrolls of enchant armour {unknown}
 e - a scroll of noise {unknown}
 f - a scroll of blinking {unknown}
 g - a scroll of poison {unknown}
 h - a scroll of enchant weapon {unknown}
Potions
 b - a potion of magic

Dungeon Overview and Level Annotations

Branches:
Dungeon (2/15)

Altars:

Shops:
D:1 (

Annotations:
D:2 Terence

▒.▒▒.▒▒.▒ ▒.▒▒▒▒▒▒▒▒▒▒▒▒ ▒
▒.▒▒.▒ ▒............▒.▒
▒....▒▒▒▒▒▒▒▒▒..▒▒▒▒.........
▒▒▒▒.▒▒..............▒▒▒.....
.▒▒▒▒▒.▒..........▒▒▒▒.........
▒......=...▒▒▒▒▒▒▒.▒ ▒.▒▒▒...▒.
▒▒▒▒.▒▒?▒▒.▒▒▒▒▒▒▒.▒ ▒.▒ ▒▒ ▒
▒.▒▒.........▒ ▒.▒
▒.▒▒....b@n..▒ ▒.▒
▒.▒▒.....b..<▒ ▒▒.▒
...........5.▒▒▒..▒▒
▒.▒▒...>...........▒ ▒.
▒▒........▒▒▒.▒.▒ ▒........▒▒
▒.▒.▒ ▒.......▒▒▒ ▒.▒.▒
......... ..... ▒.......▒ ▒▒...


You could see Terence (fast, ally target), a friendly white imp (summoned) and 2
friendly bats.


Message History

A shadowy apparition takes form in the air.
Your bat hits Terence but does no damage.
Terence misses you.
Your bat hits Terence but does no damage.
Terence hits you with a +0 flail.
* * * LOW HITPOINT WARNING * * *
Terence attacks as you move away! Terence closely misses you.
Your bat barely misses Terence.
Your bat hits Terence but does no damage.
Your bat closely misses Terence.
Terence hits your shadow imp with a +0 flail.
Your bat hits Terence but does no damage.
Terence hits your shadow imp with a +0 flail!
Your shadow imp dies!
Your bat closely misses Terence.
Your bat barely misses Terence.
Your bat misses Terence.
Your bat hits Terence but does no damage.
Your bat hits Terence.
Here: Terence, wielding a +0 flail and wearing a +0 scale mail (lightly wounded, fast, ally target)
The floor.
Unknown command.
A beastly little devil appears in a puff of frigid air.
Terence hits you with a +0 flail.
* * * LOW HITPOINT WARNING * * *
Your bat hits Terence but does no damage.
Your bat hits Terence but does no damage.
Terence hits you with a +0 flail!
You die...

Action                   || total
-------------------------++-------
Melee: Unarmed           ||    43
       Short sword       ||    35
 Cast: Summon Small Mamm ||    48
       Call Imp          ||     2
 Stab: Sleeping          ||     3
Armor: Robe              ||    35
Dodge: Dodged            ||    75

Levels and vault maps discovered:
D:1:      nicolae_arrival_memento_mori, layout_loops_cross, serial_shops,
          nicolae_shop_behind_doors, grunt_decor_fettered, nrook_mini_vaults,
          minmay_misc_feat_more_columns
D:2:      layout_loops_ring, uniq_robin, uniq_terence, uniq_sigmund

Notes
Turn   | Place    | Note
-------+----------+-------------------------------------------
     0 | D:1      | sanka the Ghoul Summoner began the quest for the Orb.
     0 | D:1      | Reached XP level 1. HP: 14/14 MP: 2/2
   360 | D:1      | Reached skill level 2 in Spellcasting
   427 | D:1      | Reached XP level 2. HP: 11/20 MP: 0/4
   618 | D:1      | Reached skill level 4 in Summonings
   654 | D:1      | Found Lowiluopt's Antique Weapon Boutique.
  1153 | D:1      | Reached XP level 3. HP: 26/26 MP: 2/5
  1190 | D:1      | Learned a level 2 spell: Call Imp
  1194 | D:1      | Learned a level 3 spell: Call Canine Familiar
  2350 | D:2      | Noticed Terence
  2363 | D:2      | HP: 2/26 [Terence/+0 flail (3)]
  2363 | D:2      | Mangled by Terence

Vanquished Creatures
  3 bats
  A goblin (D:1)
  A hobgoblin (D:1)
  3 kobolds (D:1)
  A quokka (D:1)
  3 ball pythons (D:1)
  4 rats (D:1)
16 creatures vanquished.

Vanquished Creatures (collateral kills)
  A dart slug (D:1)
  4 endoplasms (D:1)
  A giant cockroach (D:2)
  A goblin (D:2)
  2 hobgoblins (D:1)
  2 kobolds (D:1)
  2 ball pythons (D:1)
  A bat (D:1)
  3 frilled lizards
  3 rats (D:1)
20 creatures vanquished.

Grand Total: 36 creatures vanquished
